 Dungeon Crawl Stone Soup version 0.28.0-53-g5a82cb258f (webtiles) character file.

Game seed: 15114425650223795576

218015 Gabide the Nimble (level 18, 0/146 HPs)
             Began as a Gnoll Monk on July 4, 2022.
             Was the Champion of Jiyva.
             Slain by a culicivora (3 damage)
             ... led by a torpor snail
             ... on level 3 of the Spider Nest on July 5, 2022.
             The game lasted 02:04:30 (30335 turns).

Gabide the Nimble (Gnoll Monk)                     Turns: 30335, Time: 02:04:30

Health: 0/146      AC: 33    Str: 18      XL:     18   Next: 60%
Magic:  24/25      EV: 17    Int: 10 (11) God:    Jiyva [******]
Gold:   1292       SH:  0    Dex: 17 (18) Spells: 21/42 levels left

rFire   + + +      SeeInvis +   n - +4 glaive of Verdant Offence {freeze, rF++ Str+4}
rCold   + + +      Faith    .   (shield currently unavailable)
rNeg    . . .      Spirit   .   W - +3 chain mail of Lougaq {Contam rF++ rC+++ Will+ MP-9}
rPois   +          Reflect  .   X - +3 crown of Dyrovepreva {rElec Int+2 SInv}
rElec   +          Harm     .   J - +2 cloak {rCorr}
rCorr   +          Rampage  .   i - +2 pair of gloves
Will    +++..      Archmagi +   L - +3 pair of boots of a bazaar {Will+ Regen+ Str-5}
Stlth   ++........              M - amulet of the Zebra {RegenMP Str+3}
HPRegen 2.74/turn               K - ring of the Mage {Wiz Archmagi}
MPRegen 1.09/turn               s - ring of poison resistance

@: lethally poisoned (0 -> -2), slowed, very slow
A: fangs 1, strong nose, distributed training, horns 2, cold resistance 2, dopey
1, strong 1, gelatinous body 3, MP-powered wands
}: 2/15 runes: decaying, slimy
a: Renounce Religion, Oozemancy, Slimify


You were on level 3 of the Spider Nest.
You worshipped Jiyva.
Jiyva was exalted by your worship.
You visited 6 branches of the dungeon, and saw 35 of its levels.
You also visited: Bailey and Gauntlet.

You collected 2319 gold pieces.
You spent 1027 gold pieces at shops.

Inventory:

Hand Weapons
 a - a +0 spear
 n - the +4 glaive of Verdant Offence (weapon) {freeze, rF++ Str+4}
   (You bought it in a shop on level 4 of the Dungeon)

   It freezes those it strikes, dealing additional cold damage.
   It can also slow down cold-blooded creatures.
   Str:       It affects your strength (+4).
   rF:        It greatly protects you from fire.
 r - a +0 glaive
 x - a +1 halberd
Missiles
 P - 12 curare-tipped darts
 Q - 3 silver javelins
 Z - 3 throwing nets
Armour
 i - a +2 pair of gloves (worn)
 m - the +1 kite shield "Docypuargh" {Will+ Dex+4 SInv Stlth+}
   (You took it off Donald on level 1 of the Spider Nest)

   Dex:       It affects your dexterity (+4).
   SInv:      It lets you see invisible.
   Will:      It increases your willpower.
   Stlth:     It makes you more stealthy.
 p - the +2 leather armour "Valifim" {Will+}
   (You found it on level 6 of the Dungeon)

   Will:      It increases your willpower.
 J - a +2 cloak of preservation (worn)
 L - the +3 pair of boots of a bazaar (worn) {Will+ Regen+ Str-5}
   (You found it in a Gauntlet)

   Str:       It affects your strength (-5).
   Regen:     It increases your rate of health regeneration.
   Will:      It increases your willpower.
 W - the +3 chain mail of Lougaq (worn) {Contam rF++ rC+++ Will+ MP-9}
   (You found it on level 5 of the Pits of Slime)

   rF:        It greatly protects you from fire.
   rC:        It renders you almost immune to cold.
   MP:        It affects your magic capacity (-9).
   Contam:    It causes magical contamination when unequipped.
   Will:      It increases your willpower.
 X - the +3 crown of Dyrovepreva (worn) {rElec Int+2 SInv}
   (You found it on level 5 of the Pits of Slime)

   Int:       It affects your intelligence (+2).
   rElec:     It insulates you from electricity.
   SInv:      It lets you see invisible.
Jewellery
 f - the ring "Umoiron" {rC+ rCorr}
   (You took it off a fenstrider witch on level 3 of the Swamp)

   [ring of protection from cold]

   rC:        It protects you from cold.
   rCorr:     It protects you from acid and corrosion.
 h - a +4 ring of protection
 s - a ring of poison resistance (right hand)
 y - the ring of Yxets {Ice rElec Will+ Str+2}
   (You found it in a bailey)

   [ring of ice]

   It enhances your ice magic.
   Str:       It affects your strength (+2).
   rF:        It makes you vulnerable to fire.
   rC:        It protects you from cold.
   rElec:     It insulates you from electricity.
   Will:      It increases your willpower.
 z - a ring of see invisible
 K - the ring of the Mage (left hand) {Wiz Archmagi}
   (You found it in a Gauntlet)

   [ring of wizardry]

   It improves your spell success rate.
   Archmagi:  It increases the power of your magical spells.
 M - the amulet of the Zebra (around neck) {RegenMP Str+3}
   (You found it in a Gauntlet)

   [amulet of magic regeneration]

   It increases your rate of magic regeneration.
   Str:       It affects your strength (+3).
 U - the ring of Reimbursement {rC++ Dex+2 SInv}
   (You found it on level 5 of the Pits of Slime)

   [ring of see invisible]

   Dex:       It affects your dexterity (+2).
   rC:        It greatly protects you from cold.
   SInv:      It lets you see invisible.
 Y - a +6 ring of strength
Wands
 g - a wand of iceblast (7)
 w - a wand of flame (23)
 B - a wand of digging (4)
 C - a wand of charming (1)
 E - a wand of paralysis (7)
 F - a wand of mindburst (1)
Scrolls
 j - 4 scrolls of enchant weapon
 k - 4 scrolls of amnesia
 o - a scroll of enchant armour
 u - 6 scrolls of identify
 I - a scroll of vulnerability
 O - 2 scrolls of magic mapping
Potions
 b - 6 potions of mutation
 e - 2 potions of magic
 l - 2 potions of cancellation
 q - 2 potions of heal wounds
 t - 2 potions of lignification
 A - 4 potions of attraction
 G - a potion of flight
 N - a potion of degeneration
 R - 8 potions of ambrosia
 T - a potion of brilliance


   Skills:
 + Level 14.0 Fighting
 + Level 12.5 Short Blades
 + Level 12.5 Long Blades
 + Level 12.5 Axes
 + Level 12.5 Maces & Flails
 + Level 14.0 Polearms
 + Level 12.5 Staves
 + Level 12.5 Slings
 + Level 12.5 Bows
 + Level 12.5 Crossbows
 + Level 12.5 Throwing
 + Level 12.5 Armour
 + Level 14.0 Dodging
 + Level 13.1 Stealth
 + Level 12.5 Shields
 + Level 12.5 Unarmed Combat
 + Level 12.5 Spellcasting
 + Level 10.6 Conjurations
 + Level 10.6 Hexes
 + Level 10.6 Summonings
 + Level 10.6 Necromancy
 + Level 10.6 Translocations
 + Level 10.6 Transmutations
 + Level 10.6 Fire Magic
 + Level 10.6 Ice Magic
 + Level 10.6 Air Magic
 + Level 10.6 Earth Magic
 + Level 10.6 Poison Magic
 + Level 13.5 Invocations
 + Level 12.5 Evocations


You had 21 spell levels left.
You knew the following spells:

 Your Spells              Type           Power      Damage    Failure   Level
a - Stone Arrow           Conj/Erth      82%        3d12      1%          3
b - Animate Armour        Summ/Erth      82%        N/A       4%          4
c - Passage of Golubria   Tloc           41%        N/A       4%          4
d - Lightning Bolt        Conj/Air       20%        1d35      12%         5
e - Yara's Violent Unrav  Hex/Tmut       20%        3d9       12%         5

Your spell library contained the following spells:

 Spells                   Type           Power      Damage    Failure   Level
 Apportation              Tloc           82%        N/A       1%          1
 Sandblast                Erth           82%        2d17      1%          1
 Ensorcelled Hibernation  Hex/Ice        82%        N/A       1%          2
 Passwall                 Tmut/Erth      34%        N/A       1%          2
 Static Discharge         Conj/Air       41%        N/A       1%          2
 Call Canine Familiar     Summ           41%        N/A       1%          3
 Gell's Gravitas          Tloc           41%        N/A       1%          3
 Portal Projectile        Hex/Tloc       82%        N/A       1%          3
 Spider Form              Tmut/Pois      41%        N/A       1%          3
 Tukima's Dance           Hex            41%        N/A       1%          3
 Anguish                  Hex/Necr       20%        N/A       4%          4
 Ice Form                 Ice/Tmut       41%        N/A       4%          4
 Leda's Liquefaction      Hex/Erth       20%        N/A       4%          4
 Alistair's Intoxication  Tmut/Pois      27%        N/A       12%         5
 Summon Cactus Giant      Summ           20%        N/A       50%         6
 Haunt                    Necr/Summ      20%        N/A       96%         7
 Spellforged Servitor     Conj/Summ      20%        N/A       96%         7
 Lehudib's Crystal Spear  Conj/Erth      20%        10d6      100%        8


Dungeon Overview and Level Annotations

Branches:
Dungeon (15/15)            Temple (0/1) D:7            Lair (6/6) D:11
  Swamp (4/4) Lair:2       Spider (3/4) Lair:4        Slime (5/5) Lair:6
    Orc (2/2) D:10            Elf (0/3) Orc:2        Vaults (0/5) D:13
 Depths (0/4) D:15         Bailey (visited)         Gauntlet (visited)

Altars:
Ru
Sif Muna
Uskayaw
Vehumet
Beogh
Jiyva

Shops:
D:4 ?(=   D:7 (   D:10 (=   D:11 (   Orc:2 [(:*[

Annotations:
D:10 2 runed translucent doors
Slime:5 Royal Jelly


Innate Abilities, Weirdness & Mutations

You have very sharp teeth.
Your uncanny sense of smell can sniff out nearby items.
Your experience applies equally to all skills.
You have a pair of horns on your head.
Your flesh is very cold resistant. (rC++)
You are dopey. (Int -2)
Your muscles are strong. (Str +2)
Your gelatinous body deflects attacks. (AC +3, EV +3)
You expend magic power (3 MP) to strengthen your wands.


Message History

The wolf spider is heavily wounded.
The culicivora barely misses you. The wolf spider hits you!!
The wolf spider bites you. The culicivora bites you!
The culicivora draws strength from your injuries!
The wolf spider completely misses you. The wolf spider bites you!
The culicivora barely misses you.
The wolf spider hits you but does no damage.
The wolf spider bites you but does no damage.
The culicivora closely misses you.
The moth of wrath goads the torpor snail on!
The torpor snail goes berserk!
Okay, then.
Unknown command.
Casting: Stone Arrow (safe; 1% risk of failure)
Confirm with . or Enter, or press ? or * to list all spells.
Aiming: Passage of Golubria (mildly dangerous; 4% risk of failure)
Press: ? - help, Dir - move target You feel a surge of power!
The wolf spider hits you.
The wolf spider bites you but does no damage.
The culicivora bites you!
The culicivora draws strength from your injuries!
The wolf spider hits you but does no damage.
The wolf spider bites you. The culicivora bites you!
* * * LOW HITPOINT WARNING * * *
The culicivora draws strength from your injuries!
A wolf spider comes into view.
The wolf spider closely misses you. The wolf spider bites you!
* * * LOW HITPOINT WARNING * * *
You are poisoned.
The wolf spider poisons you!
You feel extremely sick.
The wolf spider rages.
The wolf spider hits you!!
* * * LOW HITPOINT WARNING * * *
The wolf spider barely misses you.
The culicivora enters the passage of Golubria.
The wolf spider barely misses you.
The wolf spider bites you but does no damage.
The culicivora bites you.
You die...

#........#...
#....
##..##...#
#^. ##...
##.^##...##
#.##....
#.........^
###....
##.##......#
##..#
#..##....###
#..#
#..$^.....
#.##
##...#...#
###
##.@s##..#
#.ws.....# ∆
##y.##...#
...# ...#
#.... ...#
...#^. ..#
....##.. #
...... ...
...... ^.##


You could see a torpor snail (berserk), a wolf spider (berserk), a moth of wrath
and a culicivora (berserk).

Vanquished Creatures
  the Lernaean hydra (Swamp:4)
  Jorgrun (Lair:4)
  A tentacled monstrosity (Lair:2)
  Frances (Swamp:2)
  2 thorn hunters
  Kirke (Lair:6)
  Gastronok (D:12)
  A fenstrider witch (Swamp:3)
  3 emperor scorpions (Spider:2)
  A ghost moth (Spider:3)
  An orc warlord (Orc:2)
  4 bunyips
  4 eleionomae
  An entropy weaver (Lair:4)
  A minotaur (Gauntlet)
  An ettin (D:15)
  A shambling mangrove (Swamp:3)
  A fire dragon (D:14)
  8 vault guards (D:13)
  A jorogumo (Spider:2)
  15 hydras
  A merfolk avatar (Lair:6)
  3 ghost crabs
  Erica (D:8)
  2 centaur warriors
  10 alligators
  5 two-headed ogres
  A tengu warrior (D:15)
  2 orc high priests
  A death scarab (Spider:3)
  The ghost of Quickbrownfox the Frost Mage, a novice DsIE of Okawaru (D:10)
  A spriggan berserker (Swamp:2)
  A hell knight (D:15)
  A soul eater (Gauntlet)
  6 spriggans
  7 goliath frogs
  3 pharaoh ants
  A deep troll (D:15)
  3 skeletal warriors
  A sun moth (Spider:3)
  5 spriggan druids
  2 steelbarb worms
  3 orb spiders
  The ghost of DungeonMaster the Destroyer, a novice DsWz of Gozag (D:8)
  8 swamp dragons
  5 bog bodies
  3 deep elf zephyrmancers (Orc:2)
  5 orc knights
  Pikel (D:4)
  2 harpies (Lair:6)
  3 wizards
  6 deep elf pyromancers
  4 will-o-the-wisps
  3 orc sorcerers (Orc:2)
  3 manticores
  9 wolf spiders
  24 ugly things
  2 cyclopes
  16 elephants
  A large abomination (D:14)
  An ice statue (Gauntlet)
  A moth of wrath (Spider:2)
  3 gargoyles
  3 black mambas
  3 torpor snails
  Maggie (D:8)
  19 cane toads
  7 rime drakes
  11 komodo dragons
  A kobold demonologist (D:14)
  2 tengu conjurers (D:15)
  A freezing wraith (D:15)
  An efreet (D:15)
  4 demonic crawlers
  8 hornets
  A wind drake (Lair:6)
  5 trolls
  2 tyrant leeches
  11 meliai
  3 polar bears (Lair:6)
  14 tarantellas
  2 queen bees
  A tarantella (shapeshifter) (D:14)
  Grinder (D:4)
  A blink frog (shapeshifter) (D:13)
  17 blink frogs
  A centaur simulacrum (D:14)
  22 jumping spiders
  A shadow (D:13)
  2 vampires
  11 culicivoras
  4 wyverns
  51 yaks
  4 basilisks
  6 hogs
  10 steam dragons
  A redback (shapeshifter) (D:14)
  27 redbacks
  7 swamp worms
  5 vampire mosquitoes
  2 wargs (Orc:2)
  2 acid dragons
  18 water moccasins
  23 orc warriors
  4 swamp drakes (Swamp:4)
  2 nameless horrors
  A black bear (D:6)
  An ice beast (D:6)
  A necrophage (D:6)
  4 ogres
  8 centaurs
  37 wolves
  4 lemures (D:4)
  A phantom (D:7)
  7 kobold brigands
  12 bullfrogs
  2 scorpions
  A wyvern zombie (D:7)
  A wyvern skeleton (D:7)
  43 killer bees
  A wight (D:7)
  3 electric eels
  9 howler monkeys
  3 centaur zombies
  9 hounds
  A gnoll shaman (Orc:2)
  13 orc priests
  A bullfrog skeleton (D:7)
  2 iguanas
  Ijyb (D:4)
  17 orc wizards
  4 hell rats (Lair:6)
  2 killer bee zombies (D:7)
  A howler monkey zombie (D:9)
  5 gnolls
  7 adders
  2 shadow imps (Gauntlet)
  2 ufetubi
  An adder skeleton (D:4)
  2 worms (D:2)
  3 dart slugs
  54 orcs
  An endoplasm (D:1)
  2 giant cockroaches
  5 goblins
  8 hobgoblins
  2 jackals (D:1)
  7 kobolds
  3 quokkas
  7 ball pythons
  2 bats
  3 frilled lizards (D:1)
  8 rats
849 creatures vanquished.

Vanquished Creatures (collateral kills)
  Arachne (Spider:1)
  A tentacled monstrosity (Swamp:1)
  Donald (Spider:1)
  3 emperor scorpions (Spider:2)
  2 eleionomae
  3 bunyips
  A shambling mangrove (Swamp:3)
  7 hydras
  A ghost crab (Swamp:2)
  A catoblepas (Gauntlet)
  A radroach (Spider:2)
  2 alligators
  4 spriggans
  2 goliath frogs
  5 swamp dragons
  2 orb spiders
  A bog body (Swamp:1)
  A spriggan druid (Swamp:2)
  3 orc knights
  A molten gargoyle (Gauntlet)
  A gargoyle (Gauntlet)
  A komodo dragon (D:11)
  3 tyrant leeches
  5 hornets
  2 tarantellas (Spider:2)
  3 jumping spiders (Spider:2)
  3 swamp worms
  An orc warrior (D:8)
  3 swamp drakes (Swamp:4)
  An orc (D:8)
66 creatures vanquished.

Vanquished Creatures (others)
  The ghost of Gabide the Basher, a journeyman DrMo of Dithmenos (D:12)
  A hydra (D:13)
  A necromancer (D:15)
  A cyclops (D:14)
  A cane toad (shapeshifter) (D:14)
  2 cane toads
  A tengu conjurer (D:15)
  An unseen horror (D:13)
  A meliai (Lair:4)
  A bloated husk (Swamp:3)
  14 slime creatures
  2 jumping spiders (Lair:4)
  Eustachio (D:4)
  A basilisk (Lair:2)
  10 vampire mosquitoes
  2 water moccasins
  A black bear (D:5)
  4 wolves
  4 kobold brigands (D:8)
  A bullfrog (Lair:4)
  A water moccasin skeleton (D:6)
  13 killer bees
  173 jellies
  3 wights (D:7)
  An electric eel (Orc:2)
  4 howler monkeys
  A centaur zombie (D:5)
  A gnoll shaman (D:7)
  An orc priest (Orc:2)
  A centaur skeleton (D:5)
  An orc wizard (D:8)
  A hound skeleton (D:4)
  6 gnolls
  4 adders
  A worm (D:2)
  3 dart slugs
  6 orcs
  4 bats
  A giant cockroach (D:2)
  2 goblins
  3 jackals (D:2)
  A quokka (D:2)
  2 ball pythons
  2 frilled lizards (D:2)
  6 kobolds (D:2)
  2 rats (D:2)
  A bush (Lair:6)
  3 butterflies (Lair:3)
  19 foxfires
  127 fungi
  166 plants
611 creatures vanquished.

Grand Total: 1526 creatures vanquished

Notes
Turn   | Place    | Note
-------+----------+-------------------------------------------
     0 | D:1      | Gabide the Gnoll Monk began the quest for the Orb.
     0 | D:1      | Reached XP level 1. HP: 23/23 MP: 1/1
   276 | D:1      | Reached XP level 2. HP: 21/29 MP: 2/2
   929 | D:1      | Found a faded altar of an unknown god.
   932 | D:1      | Prayed at the altar of an unknown god.
   932 | D:1      | Became a worshipper of Jiyva Jequdoh the Shapeless
   932 | D:1      | Reached * piety under Jiyva
   932 | D:1      | Reached ** piety under Jiyva
  1058 | D:2      | Reached *** piety under Jiyva
  1087 | D:2      | Gained mutation: You have large cloven feet. [Jiyva's
                  | grace]
  1087 | D:2      | Gained mutation: You have hoof-like feet. [Jiyva's grace]
  1087 | D:2      | Gained mutation: You have hooves in place of feet. [Jiyva's
                  | grace]
  1087 | D:2      | Gained mutation: Your muscles are strong. (Str +2) [Jiyva's
                  | grace]
  1114 | D:2      | Reached XP level 3. HP: 35/35 MP: 3/3
  1554 | D:2      | Reached skill level 1 in Invocations
  1632 | D:2      | Reached **** piety under Jiyva
  1925 | D:3      | Reached skill level 1 in Short Blades
  1925 | D:3      | Reached skill level 1 in Long Blades
  1925 | D:3      | Reached skill level 1 in Axes
  1925 | D:3      | Reached skill level 1 in Maces & Flails
  1925 | D:3      | Reached skill level 1 in Staves
  1925 | D:3      | Reached skill level 1 in Slings
  1925 | D:3      | Reached skill level 1 in Bows
  1925 | D:3      | Reached skill level 1 in Crossbows
  1925 | D:3      | Reached skill level 1 in Throwing
  1925 | D:3      | Reached skill level 1 in Armour
  1925 | D:3      | Reached skill level 1 in Shields
  1925 | D:3      | Reached skill level 1 in Unarmed Combat
  1925 | D:3      | Reached skill level 1 in Spellcasting
  1925 | D:3      | Reached skill level 1 in Evocations
  1930 | D:3      | Reached XP level 4. HP: 31/41 MP: 5/5
  1936 | D:3      | Reached skill level 1 in Conjurations
  1936 | D:3      | Reached skill level 1 in Hexes
  1936 | D:3      | Reached skill level 1 in Summonings
  1936 | D:3      | Reached skill level 1 in Necromancy
  1936 | D:3      | Reached skill level 1 in Translocations
  1936 | D:3      | Reached skill level 1 in Transmutations
  1936 | D:3      | Reached skill level 1 in Fire Magic
  1936 | D:3      | Reached skill level 1 in Ice Magic
  1936 | D:3      | Reached skill level 1 in Air Magic
  1936 | D:3      | Reached skill level 1 in Earth Magic
  1936 | D:3      | Reached skill level 1 in Poison Magic
  1944 | D:3      | Reached XP level 5. HP: 39/47 MP: 6/6
  2501 | D:4      | Noticed a lemure
  2502 | D:4      | Noticed a lemure
  2505 | D:4      | Noticed Pikel
  2506 | D:4      | Noticed a lemure
  2516 | D:4      | Killed a lemure
  2517 | D:4      | Noticed a lemure
  2522 | D:4      | Killed a lemure
  2527 | D:4      | Killed a lemure
  2527 | D:4      | Killed a lemure
  2531 | D:4      | Killed Pikel
  2532 | D:4      | Reached XP level 6. HP: 19/55 MP: 7/9
  2532 | D:4      | Reached XP level 7. HP: 21/60 MP: 7/10
  2563 | D:4      | Found Syuzep's Jewellery Emporium.
  2798 | D:4      | Lost mutation: You have hooves in place of feet. [Jiyva's
                  | grace]
  2798 | D:4      | Gained mutation: You are resistant to electric shocks.
                  | (rElec) [Jiyva's grace]
  2798 | D:4      | Lost mutation: You have hoof-like feet. [Jiyva's grace]
  2798 | D:4      | Lost mutation: You have large cloven feet. [Jiyva's grace]
  2798 | D:4      | Gained mutation: You have sharp toenails. [Jiyva's grace]
  2798 | D:4      | Gained mutation: You have razor-sharp toenails. [Jiyva's
                  | grace]
  2798 | D:4      | Gained mutation: You have claws for feet. [Jiyva's grace]
  2876 | D:4      | Found Qompuont's Weapon Shoppe.
  2876 | D:4      | Noticed Eustachio
  2916 | D:4      | Killed Eustachio
  2917 | D:4      | Reached skill level 5 in Stealth
  2930 | D:4      | Found Anum Doi's Magic Scroll Shoppe.
  2938 | D:4      | Bought a scroll of identify for 26 gold pieces
  2938 | D:4      | Bought a scroll of blinking for 97 gold pieces
  2971 | D:4      | Noticed Ijyb
  2993 | D:4      | Killed Ijyb
  3022 | D:4      | Noticed Grinder
  3044 | D:4      | Killed Grinder
  3045 | D:4      | Reached XP level 8. HP: 67/67 MP: 12/12
  3136 | D:5      | Entered Level 5 of the Dungeon
  4023 | D:6      | Identified the +2 leather armour "Valifim" {Will+}
  4105 | D:6      | Reached ***** piety under Jiyva
  4190 | D:6      | Found a sacrificial altar of Ru.
  4255 | D:6      | Reached XP level 9. HP: 72/72 MP: 14/14
  5178 | D:7      | Found a staircase to the Ecumenical Temple.
  5266 | D:7      | Found Ecwaod's Antique Weapon Emporium.
  5390 | D:7      | Identified the +1 robe "Tesex" {rN+ Int+2}
  5427 | D:8      | Noticed Maggie
  5443 | D:8      | Killed Maggie
  5444 | D:8      | Reached skill level 5 in Invocations
  5474 | D:8      | Found a shimmering blue altar of Sif Muna.
  5492 | D:8      | Lost mutation: You have claws for feet. [Jiyva's grace]
  5492 | D:8      | Gained mutation: You have a small jelly attached to you
                  | that senses nearby items. [Jiyva's grace]
  5492 | D:8      | Gained mutation: Your melee attacks may engulf your foes in
                  | ooze. [Jiyva's grace]
  5492 | D:8      | Gained mutation: Your movements are slightly less
                  | encumbered by armour. (ER -2) [Jiyva's grace]
  5492 | D:8      | Gained mutation: Your movements are less encumbered by
                  | armour. (ER -4) [Jiyva's grace]
  5698 | D:8      | Found a flagged portal.
  5707 | D:8      | Noticed Erica
  5744 | D:8      | Killed Erica
  5745 | D:8      | Reached skill level 5 in Short Blades
  5745 | D:8      | Reached skill level 5 in Long Blades
  5745 | D:8      | Reached skill level 5 in Axes
  5745 | D:8      | Reached skill level 5 in Maces & Flails
  5745 | D:8      | Reached skill level 5 in Staves
  5745 | D:8      | Reached skill level 5 in Slings
  5745 | D:8      | Reached skill level 5 in Bows
  5745 | D:8      | Reached skill level 5 in Crossbows
  5745 | D:8      | Reached skill level 5 in Throwing
  5745 | D:8      | Reached skill level 5 in Armour
  5745 | D:8      | Reached skill level 5 in Shields
  5745 | D:8      | Reached skill level 5 in Unarmed Combat
  5745 | D:8      | Reached skill level 5 in Spellcasting
  5745 | D:8      | Reached skill level 5 in Evocations
  5745 | D:8      | Reached XP level 10. HP: 52/81 MP: 17/17
  5764 | Bailey   | Entered a bailey
  5981 | Bailey   | Noticed an orc knight
  5981 | Bailey   | Noticed an orc knight
  5999 | Bailey   | Killed an orc knight
  6017 | Bailey   | Killed an orc knight
  6040 | Bailey   | Identified the ring of Yxets {Ice rElec Will+ Str+2}
  6116 | Bailey   | Noticed an orc knight
  6130 | Bailey   | Killed an orc knight
  6385 | D:8      | Found a runed translucent gate.
  6385 | D:8      | Found a runed translucent gate.
  6385 | D:8      | Found a runed translucent gate.
  6386 | D:8      | Noticed DungeonMaster's ghost (novice DsWz)
  6866 | D:9      | Noticed a two-headed ogre
  6875 | D:9      | Killed a two-headed ogre
  6880 | D:9      | Reached XP level 11. HP: 70/87 MP: 19/19
  6916 | D:9      | Paralysed by a hornet for 2 turns
  7066 | D:9      | Reached ****** piety under Jiyva
  7073 | D:9      | Lost mutation: Your movements are less encumbered by
                  | armour. (ER -4) [Jiyva's grace]
  7073 | D:9      | Gained mutation: You have hidden genetic potential.
                  | [Jiyva's grace]
  7073 | D:9      | Gained mutation: You have great hidden genetic potential.
                  | [Jiyva's grace]
  7073 | D:9      | Lost mutation: You have razor-sharp toenails. [Jiyva's
                  | grace]
  7073 | D:9      | Lost mutation: You have sharp toenails. [Jiyva's grace]
  7073 | D:9      | Gained mutation: You have large cloven feet. [Jiyva's
                  | grace]
  7073 | D:9      | Gained mutation: You have hoof-like feet. [Jiyva's grace]
  7272 | D:9      | Reached skill level 5 in Conjurations
  7272 | D:9      | Reached skill level 5 in Hexes
  7272 | D:9      | Reached skill level 5 in Summonings
  7272 | D:9      | Reached skill level 5 in Necromancy
  7272 | D:9      | Reached skill level 5 in Translocations
  7272 | D:9      | Reached skill level 5 in Transmutations
  7272 | D:9      | Reached skill level 5 in Fire Magic
  7272 | D:9      | Reached skill level 5 in Ice Magic
  7272 | D:9      | Reached skill level 5 in Air Magic
  7272 | D:9      | Reached skill level 5 in Earth Magic
  7272 | D:9      | Reached skill level 5 in Poison Magic
  7495 | D:10     | Entered Level 10 of the Dungeon
  7508 | D:10     | Found a runed translucent door.
  7510 | D:10     | Found a runed translucent door.
  7543 | D:10     | Found Teun's Antique Weapon Shoppe.
  7608 | D:10     | Found Xepyug's Jewellery Emporium.
  7672 | D:10     | Noticed Quickbrownfox's ghost (novice DsIE)
  7673 | D:10     | Found a runed translucent door.
  7718 | D:10     | Noticed a two-headed ogre
  7719 | D:10     | Found a staircase to the Orcish Mines.
  7727 | D:10     | Killed a two-headed ogre
  7971 | D:10     | Found a radiant altar of Vehumet.
  8387 | D:11     | Found Soagh's Weapon Boutique.
  8571 | D:11     | Learned a level 3 spell: Stone Arrow
  8581 | D:11     | Found a staircase to the Lair.
  8985 | Lair:1   | Entered Level 1 of the Lair of Beasts
  8985 | Lair:1   | Lost mutation: You have hoof-like feet. [Jiyva's grace]
  8985 | Lair:1   | Lost mutation: Your movements are slightly less encumbered
                  | by armour. (ER -2) [Jiyva's grace]
  8985 | Lair:1   | Gained mutation: You are partially covered in iridescent
                  | scales. (AC +2) [Jiyva's grace]
  8985 | Lair:1   | Gained mutation: You are mostly covered in iridescent
                  | scales. (AC +4) [Jiyva's grace]
  8985 | Lair:1   | Gained mutation: You are completely covered in iridescent
                  | scales. (AC +6) [Jiyva's grace]
  8985 | Lair:1   | Gained mutation: You have a somewhat thin skeletal
                  | structure. (Dex +2, Stealth+) [Jiyva's grace]
  9027 | Lair:1   | Reached XP level 12. HP: 74/96 MP: 22/22
  9093 | Lair:1   | Gained mutation: You have hoof-like feet. [hidden
                  | potential]
  9095 | Lair:1   | Identified the +1 chain mail of Fiexkih {*Corrode Drain
                  | rN+++ Int+3}
  9770 | Lair:2   | Found a gate leading to a gauntlet.
  9778 | Gauntlet | Entered a Gauntlet
  9778 | Gauntlet | Found a runed translucent door.
  9778 | Gauntlet | Found a transporter.
  9778 | Gauntlet | Found a runed translucent door.
  9778 | Gauntlet | Found a transporter.
  9780 | Gauntlet | Noticed a soul eater
  9783 | Gauntlet | Found a transporter.
  9787 | Gauntlet | Found a transporter.
  9787 | Gauntlet | Found a transporter.
  9787 | Gauntlet | Found the ring of the Mage {Wiz Archmagi}
  9788 | Gauntlet | Found a transporter.
  9814 | Gauntlet | Found a runed translucent door.
  9817 | Gauntlet | Found a transporter.
  9819 | Gauntlet | Found a transporter.
  9822 | Gauntlet | Noticed a catoblepas
  9825 | Gauntlet | Found a runed translucent gate.
  9825 | Gauntlet | Found a runed translucent gate.
  9825 | Gauntlet | Found a runed translucent gate.
  9827 | Gauntlet | Found a transporter.
  9843 | Gauntlet | Found a runed translucent door.
  9844 | Gauntlet | Found a transporter.
  9845 | Gauntlet | Found a runed translucent door.
  9859 | Gauntlet | Found a transporter.
  9863 | Gauntlet | Found a transporter.
  9952 | Gauntlet | Killed a soul eater
 10178 | Gauntlet | Identified the +3 pair of boots of a bazaar {Will+ Regen+
                  | Str-5}
 10311 | Gauntlet | Killed a catoblepas
 10331 | Gauntlet | Identified the amulet of the Zebra {RegenMP Str+3}
 10375 | Gauntlet | Noticed a minotaur
 10464 | Gauntlet | Killed a minotaur
 10472 | Gauntlet | Got the Incunabulum of Glacial Unholy Arts
 10536 | Lair:2   | Reached skill level 10 in Fighting
 10536 | Lair:2   | Reached skill level 10 in Polearms
 10536 | Lair:2   | Reached skill level 10 in Dodging
 10633 | Lair:2   | Lost mutation: You are completely covered in iridescent
                  | scales. (AC +6) [Jiyva's grace]
 10633 | Lair:2   | Lost mutation: You are resistant to electric shocks.
                  | (rElec) [Jiyva's grace]
 10633 | Lair:2   | Lost mutation: Your melee attacks may engulf your foes in
                  | ooze. [Jiyva's grace]
 10633 | Lair:2   | Gained mutation: You have a small jelly attached to you
                  | that may absorb projectiles. [Jiyva's grace]
 10633 | Lair:2   | Gained mutation: Your movements are slightly less
                  | encumbered by armour. (ER -2) [Jiyva's grace]
 10633 | Lair:2   | Gained mutation: Your movements are less encumbered by
                  | armour. (ER -4) [Jiyva's grace]
 10633 | Lair:2   | Gained mutation: Your movements are significantly less
                  | encumbered by armour. (ER -6) [Jiyva's grace]
 11196 | Lair:2   | Reached XP level 13. HP: 103/103 MP: 24/24
 11288 | Lair:2   | Found a staircase to the Swamp.
 11320 | Lair:2   | Gained mutation: You are agile. (Dex +2) [hidden potential]
 11320 | Lair:2   | Lost mutation: You have great hidden genetic potential.
                  | [hidden potential expressed]
 11465 | Lair:2   | Identified the +8 war axe "Okadam" {spect, SInv}
 12532 | Lair:3   | Lost mutation: You are mostly covered in iridescent scales.
                  | (AC +4) [Jiyva's grace]
 12532 | Lair:3   | Lost mutation: You are agile. (Dex +2) [Jiyva's grace]
 12532 | Lair:3   | Lost mutation: Your muscles are strong. (Str +2) [Jiyva's
                  | grace]
 12532 | Lair:3   | Lost mutation: You have hidden genetic potential. [Jiyva's
                  | grace]
 12532 | Lair:3   | Lost mutation: You have a small jelly attached to you that
                  | may absorb projectiles. [Jiyva's grace]
 12532 | Lair:3   | Gained mutation: Your flesh is cold resistant. (rC+)
                  | [Jiyva's grace]
 12532 | Lair:3   | Gained mutation: Your flesh is very cold resistant. (rC++)
                  | [Jiyva's grace]
 12532 | Lair:3   | Gained mutation: Your flesh is almost immune to the effects
                  | of cold. (rC+++) [Jiyva's grace]
 12532 | Lair:3   | Gained mutation: Your spells are a little harder to cast,
                  | but a little more powerful. [Jiyva's grace]
 12627 | Lair:3   | Got the Papyrus of Air
 12882 | Lair:4   | Found a hole to the Spider Nest.
 14106 | Lair:5   | Reached XP level 14. HP: 113/113 MP: 26/26
 14403 | Lair:5   | Reached skill level 10 in Stealth
 15003 | Lair:6   | Entered Level 6 of the Lair of Beasts
 15003 | Lair:6   | Lost mutation: You are partially covered in iridescent
                  | scales. (AC +2) [Jiyva's grace]
 15003 | Lair:6   | Lost mutation: Your flesh is almost immune to the effects
                  | of cold. (rC+++) [Jiyva's grace]
 15003 | Lair:6   | Lost mutation: Your flesh is very cold resistant. (rC++)
                  | [Jiyva's grace]
 15003 | Lair:6   | Lost mutation: Your spells are a little harder to cast, but
                  | a little more powerful. [Jiyva's grace]
 15003 | Lair:6   | Lost mutation: Your movements are significantly less
                  | encumbered by armour. (ER -6) [Jiyva's grace]
 15003 | Lair:6   | Lost mutation: Your movements are less encumbered by
                  | armour. (ER -4) [Jiyva's grace]
 15003 | Lair:6   | Gained mutation: You have acidic saliva. [Jiyva's grace]
 15003 | Lair:6   | Gained mutation: Your spells are a little harder to cast,
                  | but a little more powerful. [Jiyva's grace]
 15003 | Lair:6   | Gained mutation: Your spells are harder to cast, but more
                  | powerful. [Jiyva's grace]
 15003 | Lair:6   | Gained mutation: Your spells are much harder to cast, but
                  | much more powerful. [Jiyva's grace]
 15046 | Lair:6   | Reached skill level 10 in Invocations
 15673 | Lair:6   | Noticed Kirke
 15762 | Lair:6   | Killed Kirke
 15978 | Lair:6   | Found a runed translucent door.
 15978 | Lair:6   | Found a viscous altar of Jiyva.
 15982 | Lair:6   | Found a staircase to the Slime Pits.
 16071 | Slime:1  | Entered Level 1 of the Pits of Slime
 16072 | Slime:1  | Noticed an acid blob
 16078 | Slime:1  | Noticed an acid blob
 16081 | Slime:1  | Noticed a rockslime
 16125 | Slime:2  | Noticed an azure jelly
 16125 | Slime:2  | Noticed a rockslime
 16131 | Slime:3  | Noticed a rockslime
 16227 | Slime:5  | Entered Level 5 of the Pits of Slime
 16250 | Slime:5  | Noticed a rockslime
 16288 | Slime:5  | Noticed an acid blob
 16297 | Slime:5  | Noticed an acid blob
 16308 | Slime:5  | Noticed a rockslime
 16310 | Slime:5  | Noticed an acid blob
 16342 | Slime:5  | Noticed an acid blob
 16367 | Slime:5  | Noticed an acid blob
 16376 | Slime:5  | Noticed an acid blob
 16379 | Slime:5  | Noticed an azure jelly
 16382 | Slime:5  | Noticed an azure jelly
 16392 | Slime:5  | Noticed an acid blob
 16396 | Slime:5  | Noticed an acid blob
 16420 | Slime:5  | Found a viscous altar of Jiyva.
 16422 | Slime:5  | Noticed a quicksilver ooze
 16424 | Slime:5  | Found the +3 crown of Dyrovepreva {rElec Int+2 SInv}
 16427 | Slime:5  | Noticed an acid blob
 16429 | Slime:5  | Identified the ring of Reimbursement {rC++ Dex+2 SInv}
 16431 | Slime:5  | Identified the +3 hand axe of the Sky {vorpal, rElec}
 16432 | Slime:5  | Identified the +4 halberd of Foje {holy, *Slow rN+ rCorr
                  | Int+4}
 16434 | Slime:5  | Noticed an acid blob
 16435 | Slime:5  | Identified the +3 chain mail of Lougaq {Contam rF++ rC+++
                  | Will+ MP-9}
 16435 | Slime:5  | Noticed an acid blob
 16446 | Slime:5  | Identified the +3 whip of the Fray {vorpal, rElec}
 16452 | Slime:5  | Identified the +1 plate armour of Jaicewuj {rC+ Slay+5}
 16478 | Slime:5  | Got a slimy rune of Zot
 16479 | Slime:5  | Identified the +0 scale mail "Irevycad" {+Blink Int+4
                  | Stlth-}
 16510 | Slime:5  | Noticed the Royal Jelly
 16532 | Slime:5  | Noticed a rockslime
 16622 | Slime:2  | Noticed an acid blob
 16622 | Slime:2  | Noticed a quicksilver ooze
 16628 | Slime:2  | Noticed an azure jelly
 16729 | Slime:1  | Noticed a quicksilver ooze
 16731 | Slime:1  | Noticed an acid blob
 16775 | Slime:1  | Noticed a quicksilver ooze
 16809 | Slime:1  | Noticed a rockslime
 16832 | Slime:1  | Noticed an azure jelly
 16859 | Slime:1  | Noticed an azure jelly
 17023 | Lair:6   | Found the ring of the Octopus King
 17076 | Lair:6   | Identified a ring of the Octopus King {MP+9 AC+1 EV+1 Str+1
                  | Int+1 Dex+1}
 17428 | D:12     | Killed Gabide's ghost
 17458 | D:12     | Noticed Gastronok
 17482 | D:12     | Killed Gastronok
 17562 | D:12     | Identified a scroll of acquirement
 17562 | D:12     | Acquired 935 gold pieces
 17713 | D:4      | Bought the +4 glaive of Verdant Offence {freeze, rF++
                  | Str+4} for 904 gold pieces
 17949 | D:8      | Killed DungeonMaster's ghost
 17950 | D:8      | Reached XP level 15. HP: 120/120 MP: 19/28
 18071 | D:10     | Killed Quickbrownfox's ghost
 18116 | Orc:1    | Entered Level 1 of the Orcish Mines
 18334 | Orc:2    | Entered Level 2 of the Orcish Mines
 18358 | Orc:2    | Found a staircase to the Elven Halls.
 18362 | Orc:2    | Noticed an orc warlord
 18392 | Orc:2    | Killed an orc warlord
 18611 | Orc:2    | Found Wecid's Armour Shoppe.
 18731 | Orc:2    | Lost mutation: You have a somewhat thin skeletal structure.
                  | (Dex +2, Stealth+) [Jiyva's grace]
 18731 | Orc:2    | Lost mutation: You have a small jelly attached to you that
                  | senses nearby items. [Jiyva's grace]
 18731 | Orc:2    | Gained mutation: You have a pair of small horns on your
                  | head. [Jiyva's grace]
 18731 | Orc:2    | Gained mutation: You have a pair of horns on your head.
                  | [Jiyva's grace]
 18731 | Orc:2    | Gained mutation: You have a pair of large horns on your
                  | head. [Jiyva's grace]
 18731 | Orc:2    | Gained mutation: You are partially covered in iridescent
                  | scales. (AC +2) [Jiyva's grace]
 18911 | Orc:2    | Reached skill level 10 in Short Blades
 18911 | Orc:2    | Reached skill level 10 in Long Blades
 18911 | Orc:2    | Reached skill level 10 in Axes
 18911 | Orc:2    | Reached skill level 10 in Maces & Flails
 18911 | Orc:2    | Reached skill level 10 in Staves
 18911 | Orc:2    | Reached skill level 10 in Slings
 18911 | Orc:2    | Reached skill level 10 in Bows
 18911 | Orc:2    | Reached skill level 10 in Crossbows
 18911 | Orc:2    | Reached skill level 10 in Throwing
 18911 | Orc:2    | Reached skill level 10 in Armour
 18911 | Orc:2    | Reached skill level 10 in Shields
 18911 | Orc:2    | Reached skill level 10 in Unarmed Combat
 18911 | Orc:2    | Reached skill level 10 in Spellcasting
 18911 | Orc:2    | Reached skill level 10 in Evocations
 18947 | Orc:2    | Found Tucoi's Antique Weapon Boutique.
 18998 | Orc:2    | Found Wiunurch's General Store.
 19013 | Orc:2    | Found Gyuhuir's Book Boutique.
 19389 | Orc:2    | Found Sotuler's Antique Armour Boutique.
 19842 | D:12     | Found a runed translucent gate.
 19842 | D:12     | Found a runed translucent gate.
 19842 | D:12     | Noticed an azure jelly
 19843 | D:12     | Noticed an azure jelly
 19844 | D:12     | Found a runed translucent gate.
 19844 | D:12     | Noticed an acid blob
 19844 | D:12     | Noticed a rockslime
 19844 | D:12     | Noticed an acid blob
 19844 | D:12     | Noticed an acid blob
 19845 | D:12     | Noticed an acid blob
 19845 | D:12     | Noticed an acid blob
 19845 | D:12     | Noticed an azure jelly
 19846 | D:12     | Noticed an acid blob
 19847 | D:12     | Found a viscous altar of Jiyva.
 19855 | D:12     | Got the Catalogue of Translocation and Calling
 19899 | D:12     | Found a hide-covered altar of Uskayaw.
 20439 | D:13     | Identified the +2 chain mail of Ashenzari's Anger {+Inv}
 20660 | D:13     | Found a gate to the Vaults.
 21247 | D:14     | Lost mutation: You have hoof-like feet. [Jiyva's grace]
 21247 | D:14     | Lost mutation: Your movements are slightly less encumbered
                  | by armour. (ER -2) [Jiyva's grace]
 21247 | D:14     | Gained mutation: Your mind is acute. (Int +2) [Jiyva's
                  | grace]
 21247 | D:14     | Gained mutation: Your mind is very acute. (Int +4) [Jiyva's
                  | grace]
 21247 | D:14     | Gained mutation: You are robust. (+10% HP) [Jiyva's grace]
 21247 | D:14     | Gained mutation: You are very robust. (+20% HP) [Jiyva's
                  | grace]
 21584 | D:14     | Reached XP level 16. HP: 153/153 MP: 21/30
 21891 | D:15     | Entered Level 15 of the Dungeon
 22675 | D:15     | Found a staircase to the Depths.
 23093 | Swamp:1  | Entered Level 1 of the Swamp
 23093 | Swamp:1  | Noticed a tentacled monstrosity
 23107 | Lair:2   | Killed a tentacled monstrosity
 23533 | Swamp:1  | Noticed a tentacled monstrosity
 23597 | Swamp:1  | Killed a tentacled monstrosity
 24044 | Swamp:2  | Noticed a thorn hunter
 24063 | Swamp:2  | Killed a thorn hunter
 24129 | Swamp:2  | HP: 7/154 [alligator (12)]
 24272 | Swamp:2  | Identified the +0 robe "Bihait" {Int+3}
 24286 | Swamp:2  | Lost mutation: Your mind is very acute. (Int +4) [Jiyva's
                  | grace]
 24286 | Swamp:2  | Lost mutation: Your mind is acute. (Int +2) [Jiyva's grace]
 24286 | Swamp:2  | Lost mutation: Your flesh is cold resistant. (rC+) [Jiyva's
                  | grace]
 24286 | Swamp:2  | Lost mutation: You are very robust. (+20% HP) [Jiyva's
                  | grace]
 24286 | Swamp:2  | Lost mutation: Your spells are much harder to cast, but
                  | much more powerful. [Jiyva's grace]
 24286 | Swamp:2  | Lost mutation: You have large cloven feet. [Jiyva's grace]
 24286 | Swamp:2  | Gained mutation: You have sharp toenails. [Jiyva's grace]
 24286 | Swamp:2  | Gained mutation: You have razor-sharp toenails. [Jiyva's
                  | grace]
 24286 | Swamp:2  | Gained mutation: You have claws for feet. [Jiyva's grace]
 24286 | Swamp:2  | Gained mutation: Your flesh is cold resistant. (rC+)
                  | [Jiyva's grace]
 24294 | Swamp:2  | Learned a level 4 spell: Animate Armour
 24454 | Swamp:2  | Reached XP level 17. HP: 147/149 MP: 4/32
 24615 | Swamp:2  | Noticed Frances
 24626 | Swamp:2  | Killed Frances
 25693 | Swamp:3  | Identified the ring "Umoiron" {rC+ rCorr}
 25858 | Swamp:4  | Entered Level 4 of the Swamp
 26351 | Swamp:4  | Reached skill level 10 in Conjurations
 26351 | Swamp:4  | Reached skill level 10 in Hexes
 26351 | Swamp:4  | Reached skill level 10 in Summonings
 26351 | Swamp:4  | Reached skill level 10 in Necromancy
 26351 | Swamp:4  | Reached skill level 10 in Translocations
 26351 | Swamp:4  | Reached skill level 10 in Transmutations
 26351 | Swamp:4  | Reached skill level 10 in Fire Magic
 26351 | Swamp:4  | Reached skill level 10 in Ice Magic
 26351 | Swamp:4  | Reached skill level 10 in Air Magic
 26351 | Swamp:4  | Reached skill level 10 in Earth Magic
 26351 | Swamp:4  | Reached skill level 10 in Poison Magic
 26493 | Swamp:4  | Identified the +1 broad axe of Iceutz {vorpal, Str+4}
 26821 | Swamp:4  | Noticed the 27-headed Lernaean hydra
 26831 | Swamp:4  | Killed the 27-headed Lernaean hydra
 26932 | Swamp:4  | Got a decaying rune of Zot
 27174 | Spider:1 | Entered Level 1 of the Spider Nest
 27607 | Spider:1 | Noticed Jorgrun
 27626 | Lair:4   | Killed Jorgrun
 27627 | Lair:4   | Reached XP level 18. HP: 106/158 MP: 25/34
 27754 | Lair:4   | HP: 6/152 [spark wasp (17)]
 28335 | Spider:2 | Noticed Arachne
 28352 | Spider:1 | Killed Arachne
 28456 | Spider:2 | Lost mutation: You have claws for feet. [Jiyva's grace]
 28456 | Spider:2 | Lost mutation: You are robust. (+10% HP) [Jiyva's grace]
 28456 | Spider:2 | Lost mutation: Your spells are harder to cast, but more
                  | powerful. [Jiyva's grace]
 28456 | Spider:2 | Gained mutation: Your rubbery body absorbs attacks. (AC +1,
                  | EV +1) [Jiyva's grace]
 28456 | Spider:2 | Gained mutation: Your pliable body absorbs attacks. (AC +2,
                  | EV +2) [Jiyva's grace]
 28456 | Spider:2 | Gained mutation: Your gelatinous body deflects attacks. (AC
                  | +3, EV +3) [Jiyva's grace]
 28456 | Spider:2 | Gained mutation: Your flesh is very cold resistant. (rC++)
                  | [Jiyva's grace]
 28463 | Spider:2 | Identified the +1 kite shield "Docypuargh" {Will+ Dex+4
                  | SInv Stlth+}
 28463 | Spider:2 | Noticed Donald
 28558 | Spider:1 | Killed Donald
 29957 | Spider:2 | Lost mutation: You have acidic saliva. [potion of mutation]
 29957 | Spider:2 | Lost mutation: You have razor-sharp toenails. [potion of
                  | mutation]
 29957 | Spider:2 | Lost mutation: You have a pair of large horns on your head.
                  | [potion of mutation]
 29957 | Spider:2 | Gained mutation: Your muscles are strong. (Str +2) [potion
                  | of mutation]
 29957 | Spider:2 | Lost mutation: Your spells are a little harder to cast, but
                  | a little more powerful. [potion of mutation]
 29957 | Spider:2 | Gained mutation: You expend magic power (3 MP) to
                  | strengthen your wands. [potion of mutation]
 29958 | Spider:2 | Lost mutation: You have sharp toenails. [potion of
                  | mutation]
 29958 | Spider:2 | Lost mutation: You are partially covered in iridescent
                  | scales. (AC +2) [potion of mutation]
 29958 | Spider:2 | Gained mutation: You are dopey. (Int -2) [potion of
                  | mutation]
 29975 | Spider:2 | Learned a level 4 spell: Passage of Golubria
 29981 | Spider:2 | Learned a level 5 spell: Lightning Bolt
 29987 | Spider:2 | Learned a level 5 spell: Yara's Violent Unravelling
 30335 | Spider:3 | HP: 3/146 [wolf spider (22)]
 30335 | Spider:3 | Slain by a culicivora

Illustrated notes

Levels and vault maps discovered:
D:1:      heliophobic_arrival_glass_houses, layout_basic,
          shapermc_ecumenical_altar_mp_vishouse
D:2:      layout_loops_corners, grunt_ministairs_11,
          nicolae_concentric_dashed_squares_mild, lexackson_kobold_supper
D:3:      cheibrodos_helix_gallery, layout_loops_ring
D:4:      layout_rooms, serial_shops, nicolae_shop_window_shopping,
          nicolae_shop_stone, nicolae_stop_n_shop_1, uniq_pikel, uniq_ijyb,
          uniq_grinder, uniq_eustachio
D:5:      layout_basic
D:6:      layout_cave_pools, mainiacjoe_overflow_boulevard, due_unseen_surprise
D:7:      layout_loops_ring, minmay_temple_entry_slanted, serial_shops,
          nicolae_shop_waterfront
D:8:      layout_basic, mainiacjoe_overflow_cross_hatched,
          gammafunk_ghost_nasty_kobolds, enter_bailey_3, uniq_maggie, uniq_erica
D:9:      minmay_angry_zag, layout_basic
D:10:     lemuel_insect_pit, layout_rooms, david_orc_3,
          hellmonk_ghost_happy_afterlife, serial_shops, shop,
          kennysheep_flooded_box, nicolae_zen_rock_garden,
          minmay_shop_enchanted_jewellery
D:11:     layout_roguey, erik_lair_island, serial_shops,
          nicolae_shop_competitors_out_of_business
D:12:     layout_basic, gammafunk_ghost_ooze, eat_drink_and_be_merry_uskayaw,
          uniq_gastronok
D:13:     layout_cave_pods, erik_vaults_2, minmay_statues_item,
          nicolae_water_bricks
D:14:     dreamdust_experimentation, layout_rooms
D:15:     hangedman_depths_entry_civil_slaughter, layout_gridville,
          hangedman_decor_push
Lair:1:   layout_loops_ring
Lair:2:   regret_index_bee_streams, layout_small_grid,
          skrybe_swamp_entry_bodies, gauntlet_entry_generic
Lair:3:   layout_regular_city, lemuel_fruit_fields, lemuel_fruit_fields,
          infiniplex_staircase_pool_2
Lair:4:   layout_misc_corridors, nicolae_spider_entry_tight_spaces,
          serial_rivers, chequers_serial_rivers_micro_d,
          chequers_serial_rivers_room_b, chequers_serial_rivers_small_3,
          chequers_serial_rivers_small_b, chequers_serial_rivers_micro_b,
          special_room [special_room_bee], grunt_forest_large_clearings
Lair:5:   layout_regular_city, minivault_11
Lair:6:   gammafunk_lair_ancient_temple, layout_loops_ring, slime_altar_2,
          serial_bayou_shore_b, uniq_kirke
Swamp:1:  layout_basic_swamp, nicolae_swamp_little_swirl,
          nicolae_swamp_catching_bugs
Swamp:2:  layout_falls_marsh, evilmike_swamp_ruin_house_1, swamp_pool2,
          uniq_frances
Swamp:3:  layout_basic_swamp, nicolae_swamp_triple_paths,
          infiniplex_staircase_pool
Swamp:4:  swamp_old_school, layout_basic_swamp
Spider:1: layout_spider_delve, uniq_jorgrun
Spider:2: layout_spider_delve, nicolae_spider_scorpion_nest, uniq_donald,
          uniq_arachne
Spider:3: layout_spider_delve, hangedman_spider_tarantella_strand, uniq_louise
Slime:1:  layout_caves, cheibrodos_slime_lost_civilization_4
Slime:2:  layout_caves
Slime:3:  layout_caves
Slime:4:  layout_caves, cheibrodos_slime_lost_civilization_5
Slime:5
Orc:1:    layout_caves, serial_shops, nicolae_shop_hallway_plus
Orc:2:    grunt_orc_cross, layout_caves, serial_shops, nicolae_square_shop,
          elves_outpost_lemuel

Skill      XL: |  1  2  3  4  5  6  7  8  9 10 11 12 13 14 15 16 17 18 |
---------------+-------------------------------------------------------+-----
Invocations    | 1 2 3 4 5 6 7 8 9 10 11 12 13 | 13.5
Short Blades   | 1 2 3 5 6 7 8 9 10 11 12 | 12.5
Long Blades    | 1 2 3 5 6 7 8 9 10 11 12 | 12.5
Axes           | 1 2 3 5 6 7 8 9 10 11 12 | 12.5
Maces & Flails | 1 2 3 5 6 7 8 9 10 11 12 | 12.5
Staves         | 1 2 3 5 6 7 8 9 10 11 12 | 12.5
Slings         | 1 2 3 5 6 7 8 9 10 11 12 | 12.5
Bows           | 1 2 3 5 6 7 8 9 10 11 12 | 12.5
Crossbows      | 1 2 3 5 6 7 8 9 10 11 12 | 12.5
Throwing       | 1 2 3 5 6 7 8 9 10 11 12 | 12.5
Armour         | 1 2 3 5 6 7 8 9 10 11 12 | 12.5
Shields        | 1 2 3 5 6 7 8 9 10 11 12 | 12.5
Unarmed Combat | 1 2 3 5 6 7 8 9 10 11 12 | 12.5
Spellcasting   | 1 2 3 5 6 7 8 9 10 11 12 | 12.5
Evocations     | 1 2 3 5 6 7 8 9 10 11 12 | 12.5
Conjurations   | 1 2 3 4 5 6 7 8 9 10 | 10.6
Hexes          | 1 2 3 4 5 6 7 8 9 10 | 10.6
Summonings     | 1 2 3 4 5 6 7 8 9 10 | 10.6
Necromancy     | 1 2 3 4 5 6 7 8 9 10 | 10.6
Translocations | 1 2 3 4 5 6 7 8 9 10 | 10.6
Transmutations | 1 2 3 4 5 6 7 8 9 10 | 10.6
Fire Magic     | 1 2 3 4 5 6 7 8 9 10 | 10.6
Ice Magic      | 1 2 3 4 5 6 7 8 9 10 | 10.6
Air Magic      | 1 2 3 4 5 6 7 8 9 10 | 10.6
Earth Magic    | 1 2 3 4 5 6 7 8 9 10 | 10.6
Poison Magic   | 1 2 3 4 5 6 7 8 9 10 | 10.6
Fighting       | 7 8 9 10 11 12 13 14 | 14.0
Polearms       | 7 8 9 10 11 12 13 14 | 14.0
Dodging        | 7 8 9 10 11 12 13 14 | 14.0
Stealth        | 5 6 7 8 9 10 11 12 13 | 13.1

Action                   |  1- 3 |  4- 6 |  7- 9 | 10-12 | 13-15 | 16-18 || total
-------------------------+-------+-------+-------+-------+-------+-------++-------
Melee: Spear             |   149 |    97 |   456 |    53 |    67 |  1029 ||  1851
       Bite              |    19 |     5 |    50 |   117 |   329 |   277 ||   797
       Kick              |     8 |    23 |   142 |     3 |       |   379 ||   555
       Punch             |     2 |     1 |    16 |       |     8 |    53 ||    80
       Halberd           |       |       |       |   923 |  2174 |   358 ||  3455
       Unarmed           |       |       |       |       |    24 |       ||    24
       Headbutt          |       |       |       |       |   179 |   497 ||   676
       Glaive            |       |       |       |       |     6 |   394 ||   400
Throw: Javelin           |       |       |       |       |     2 |     3 ||     5
 Cast: Stone Arrow       |       |       |       |     4 |    80 |    71 ||   155
       Animate Armour    |       |       |       |       |       |    57 ||    57
       Lightning Bolt    |       |       |       |       |       |     1 ||     1
       Passage of Golubr |       |       |       |       |       |     1 ||     1
Invok: Oozemancy         |       |     1 |     1 |     1 |     3 |     1 ||     7
       Slimify           |       |       |       |       |       |     2 ||     2
Evoke: Wand              |       |       |     4 |     7 |    15 |    26 ||    52
  Use: Scroll            |       |       |     8 |     3 |    11 |     9 ||    31
       Potion            |       |       |       |     1 |     4 |    12 ||    17
 Stab: Sleeping          |    10 |     4 |     9 |    10 |     9 |     3 ||    45
       Distracted        |       |       |       |     6 |     4 |     4 ||    14
       Confused          |       |       |       |       |     2 |       ||     2
Armor: Robe              |     3 |       |       |       |       |       ||     3
       Ring mail         |    15 |    25 |    11 |       |       |       ||    51
       Leather armour    |       |       |    54 |   179 |   653 |       ||   886
       Steam dragon scal |       |       |       |   170 |     5 |       ||   175
       Chain mail        |       |       |       |       |   614 |  1232 ||  1846
Dodge: Dodged            |    69 |    44 |   203 |   959 |  2522 |  1353 ||  5150
Block: Kite shield       |       |       |       |       |       |   392 ||   392
